Map: Prion Terraces

Players

MCanning - Winner!

  • Race: Protoss Protoss
  • League: Grandmaster

Sektor

  • Race: Terran Terran
  • League: Grandmaster

VOD

http://www.twitch.tv/mcanning/v/30690643

Description

Time

  • Played on: Dec. 19, 2015, 6:35 a.m.
  • Length: 11:31
Show
View Real Time Build Order
Export as new Build Order

MCanning Protoss - Winner!

Build Orders: 1 Gate Expand, Blink Stalkers 

Get SALT Encoding   

  12  0:01  Probe (Chrono Boost)  
  13  0:12  Probe (Chrono Boost)  
  14  0:19  Pylon  
  14  0:22  Probe (Chrono Boost)  
  15  0:37  Probe (Chrono Boost)  
  15  0:38  Gateway  
  16  0:48  Probe (Chrono Boost)  
  17  0:54  Assimilator  
  17  0:58  Probe (Chrono Boost)  
  18  1:09  Probe (Chrono Boost)  
  19  1:19  Nexus  
  19  1:26  Probe (Chrono Boost)  
  20  1:34  Cybernetics Core  
  20  1:37  Probe (Chrono Boost)  
  21  1:44  Assimilator  
  21  1:50  Pylon  
  21  1:53  Probe (Chrono Boost)  
  22  2:04  Probe (Chrono Boost)  
  23  2:14  Mothership Core (Chrono Boost)  
  23  2:15  Adept (Chrono Boost)  
  27  2:24  Pylon  
  27  2:27  Warp Gate  
  27  2:33  Probe (Chrono Boost)  
  27  2:36  Probe (Chrono Boost)  
  27  2:43  Stalker  
  30  2:45  Probe (Chrono Boost)  
  30  2:48  Probe (Chrono Boost)  
  32  2:55  Probe (Chrono Boost)  
  33  2:58  Probe (Chrono Boost)  
  34  3:07  Probe (Chrono Boost)  
  34  3:09  Twilight Council  
  34  3:10  Probe (Chrono Boost)  
  36  3:17  Probe (Chrono Boost)  
  37  3:20  Probe (Chrono Boost)  
  38  3:28  Probe (Chrono Boost)  
  38  3:31  Probe (Chrono Boost)  
  40  3:36  Pylon  
  40  3:38  Probe (Chrono Boost)  
  41  3:42  Probe (Chrono Boost), Blink (Chrono Boost)  
  41  3:46  Gateway  
  42  3:49  Probe, Gateway  
  42  3:52  Probe  
  44  4:01  Probe  
  44  4:02  Robotics Facility  
  45  4:03  Probe  
  46  4:12  Assimilator  
  46  4:13  Probe x2  
  48  4:17  Assimilator  
  48  4:24  Probe  
  48  4:25  Probe  
  50  4:34  Probe  
  50  4:37  Probe  
  52  4:40  Pylon  
  52  4:44  Forge  
  52  4:45  Probe  
  52  4:49  Gateway, Probe  
  52  4:50  Stalker x2  
  52  4:52  Stalker, Pylon  
  60  4:57  Probe  
  60  4:58  Observer (Chrono Boost)  
  62  5:08  Probe  
  62  5:11  Pylon  
  63  5:14  Pylon  
  63  5:16  Observer (Chrono Boost)  
  63  5:17  Stalker x3  
  63  5:19  Protoss Ground Weapons Level 1 (Chrono Boost)  
  70  5:27  Pylon  
  66  5:47  Probe  
  66  5:49  Probe  
  68  5:54  Robotics Bay  
  68  5:56  Observer  
  69  5:58  Photon Cannon  
  69  6:00  Nexus  
  69  6:02  Pylon  
  69  6:03  Probe  
  71  6:04  Probe  
  71  6:09  Pylon  
  71  6:15  Probe  
  71  6:16  Stalker x3  
  71  6:17  Probe  
  79  6:20  Resonating Glaives  
  79  6:31  Probe  
  80  6:36  Robotics Bay  
  84  6:41  Disruptor (Chrono Boost)  
  84  6:42  Adept x3  
  84  6:44  Probe  
  88  6:54  Protoss Ground Armor Level 1 (Chrono Boost)  
  88  6:58  Adept, Pylon  
  90  7:04  Pylon  
  90  7:09  Adept x2  
  90  7:10  Adept  
  90  7:12  Disruptor (Chrono Boost)  
  99  7:16  Probe  
  100  7:23  Stalker  
  100  7:25  Probe  
  100  7:27  Forge  
  100  7:29  Probe  
  104  7:30  Probe  
  104  7:31  Assimilator  
  104  7:35  Stalker, Assimilator  
  104  7:36  Stalker, Photon Cannon  
  109  7:37  Probe  
  109  7:39  Stalker  
  112  7:49  Disruptor (Chrono Boost)  
  99  8:00  Stalker x3  
  99  8:03  Probe  
  104  8:12  Pylon  
  104  8:13  Stalker  
  104  8:16  Probe  
  110  8:20  Disruptor (Chrono Boost)  
  110  8:21  Probe  
  110  8:22  Pylon  
  110  8:24  Stalker  
  110  8:25  Stalker x2  
  117  8:27  Pylon  
  117  8:29  Pylon  
  117  8:31  Protoss Ground Weapons Level 2 (Chrono Boost)  
  118  8:34  Probe  
  118  8:37  Pylon  
  118  8:40  Pylon  
  118  8:42  Adept, Pylon  
  118  8:44  Photon Cannon  
  120  8:50  Gateway, Adept x2  
  120  8:51  Gateway  
  120  8:53  Gateway  
  120  8:55  Adept  
  126  9:11  Probe  
  126  9:12  Disruptor  
  125  9:18  Probe  
  125  9:20  Probe, Adept x4  
  125  9:23  Probe  
  120  9:32  Probe  
  120  9:43  Adept x4  
  118  9:47  Mothership Core (Chrono Boost)  
  118  9:48  Disruptor  
  117  10:05  Stalker x4  
  117  10:06  Adept  
  123  10:18  Probe x2 (Chrono Boost)  
  123  10:21  Dark Shrine  
  120  10:30  Probe (Chrono Boost)  
  121  10:36  Stalker  
  121  10:37  Stalker x5  
  133  10:45  Probe (Chrono Boost)  
  134  10:53  Probe (Chrono Boost), Disruptor  
  138  11:00  Nexus  
  136  11:12  Photon Cannon  
  136  11:15  Adept x3  
Show
View Real Time Build Order
Export as new Build Order

Sektor Terran 

Build Orders: Reaper Expand, MMM Bio 

Get SALT Encoding   

  12  0:01  SCV  
  13  0:13  SCV  
  14  0:17  Supply Depot  
  14  0:25  SCV  
  15  0:39  SCV  
  15  0:40  Barracks  
  16  0:45  Refinery  
  16  0:51  SCV  
  17  1:03  SCV  
  18  1:15  SCV  
  19  1:28  Orbital Command  
  19  1:30  Reaper  
  20  1:43  Command Center  
  20  1:51  Supply Depot  
  20  1:54  SCV  
  21  2:06  SCV  
  21  2:07  Barracks Reactor  
  22  2:18  SCV  
  22  2:21  Barracks  
  23  2:29  Factory  
  23  2:33  SCV  
  24  2:44  Marine x2  
  24  2:45  SCV  
  27  2:51  Bunker  
  27  2:54  Orbital Command  
  27  2:57  SCV  
  28  3:00  Refinery  
  28  3:04  Marine x2  
  30  3:09  SCV, Barracks Tech Lab  
  30  3:12  Widow Mine  
  33  3:20  SCV  
  33  3:22  SCV  
  33  3:23  Starport  
  35  3:30  Marine x2  
  35  3:32  Marine  
  38  3:39  SCV x2  
  40  3:44  Stimpack  
  40  3:45  Widow Mine  
  40  3:48  Engineering Bay  
  41  3:51  SCV  
  41  3:53  SCV  
  43  3:55  Marine  
  44  4:03  Supply Depot  
  44  4:05  Medivac  
  46  4:11  Supply Depot  
  46  4:21  Factory Tech Lab  
  46  4:22  Missile Turret  
  46  4:24  Marine x3  
  46  4:25  SCV x2  
  50  4:38  SCV  
  50  4:41  SCV, Cyclone  
  50  4:44  Marauder  
  57  4:49  Refinery, Barracks  
  57  4:50  SCV  
  58  4:54  SCV  
  58  4:58  Marine x2  
  61  5:00  Starport Reactor  
  61  5:02  SCV  
  61  5:03  Supply Depot  
  62  5:07  Supply Depot  
  62  5:18  Supply Depot  
  62  5:24  SCV x2  
  62  5:25  Barracks, Marauder  
  62  5:26  Barracks  
  66  5:36  SCV  
  66  5:37  Marine x2  
  66  5:38  Barracks Tech Lab  
  66  5:40  Factory Reactor  
  66  5:42  Medivac x2  
  69  5:46  Marauder  
  69  5:47  SCV  
  74  5:51  Refinery  
  74  5:54  SCV  
  75  5:57  Command Center  
  75  5:59  Supply Depot  
  75  6:00  Marine  
  75  6:01  Marine  
  73  6:05  Marauder  
  73  6:10  SCV  
  73  6:11  Supply Depot  
  76  6:15  Combat Shields, Concussive Shells  
  76  6:17  Marauder  
  76  6:18  Marauder  
  80  6:19  Barracks Reactor  
  80  6:26  SCV  
  80  6:30  Bunker  
  81  6:33  Marine x2  
  85  6:40  Marauder x3  
  85  6:43  Widow Mine x2  
  85  6:46  Terran Infantry Weapons Level 1  
  93  6:51  Marine x2  
  95  6:55  Engineering Bay  
  95  7:00  Marine  
  96  7:01  Marauder  
  96  7:04  Marine x2  
  96  7:05  Marauder  
  102  7:09  Marine  
  102  7:10  Supply Depot  
  102  7:11  Supply Depot  
  102  7:15  Orbital Command  
  103  7:19  Marauder  
  105  7:23  Medivac x2  
  105  7:24  Terran Infantry Armor Level 1  
  109  7:50  Marauder, Marine x3  
  109  7:51  Marauder  
  106  8:02  SCV  
  106  8:04  Marauder  
  106  8:05  Marine  
  98  8:06  Widow Mine, Medivac x2  
  98  8:08  Marine x2  
  98  8:12  Marauder x2  
  107  8:14  Marine  
  100  8:21  SCV  
  100  8:22  Orbital Command  
  100  8:23  Marine  
  100  8:25  Marine, Marauder  
  99  8:32  Marine  
  99  8:33  Marauder x2, Marine  
  99  8:34  SCV  
  99  8:36  Medivac x2  
  99  8:39  Armory  
  99  8:41  Marine  
  104  8:48  SCV x3  
  108  8:50  Marauder, Marine x3  
  108  8:54  Marine  
  114  8:58  Orbital Command  
  114  9:00  SCV, Marine  
  114  9:01  Marauder  
  117  9:07  Marine  
  117  9:08  Marine x2  
  117  9:11  Marauder  
  117  9:12  Marine  
  109  9:19  Orbital Command  
  97  9:36  Marauder  
  77  9:46  Marauder, Marine x4  
  77  9:47  Marauder  
  77  9:50  SCV  
  77  9:57  Marauder  
  69  10:04  Marine x3  
  72  10:08  Marine, Marauder x2  
  71  10:19  Marauder  
  71  10:22  Marine x3  
  74  10:35  Supply Depot  
  71  10:50  Marine  
  71  10:51  Marauder  
  71  10:56  Marine x3  
  68  10:57  Marauder  
Tags
 
Add a new tag
Caveats
  • Supply blocks, unpowered buildings, or Contaminate may cause inaccurate times.
  • Supply counts are checked every 10 seconds.